 Dungeon Sprint DCSS version 0.19.4-9-g45fd643 (webtiles) character file.

14900000 protoss039 the Axe Maniac (level 27, -85/272 (273) HPs)
             Began as a Ghoul Wanderer on Feb 21, 2017.
             Was the Champion of Makhleb.
             Annihilated by a fleshlord
             ... wielding a +9 great mace
              (330 damage)
             ... in the Dungeon (Sprint VIII: "Arena of Blood").
             The game lasted 00:05:01 (149 turns).

protoss039 the Axe Maniac (Ghoul Wanderer)           Turns: 149, Time: 00:05:02

HP:   -85/272 (273) AC: 11    Str: 31    XL:     27
MP:   49/53         EV: 19    Int:  7    God:    Makhleb [******]
Gold: 0             SH:  0    Dex:  6    Spells: 0 memorised, 80 levels left

rFire  . . .     SeeInvis .     k - +∞ Axe of Woe
rCold  + . .     Gourm    .     b - +0 ring mail
rNeg   + + +     Faith    .     (shield currently unavailable)
rPois  ∞         Spirit   .     (no helmet)
rElec  .         Reflect  .     (no cloak)
rCorr  .         Harm     .     (no gloves)
MR     ++...     NoTele   +     (no boots)
Stlth  ++++++++..               (no amulet)
                                l - +200 ring of slaying
                                j - +200 ring of slaying

@: rotting, slowed, very slow
A: rotting body, claws 1, carnivore 3, cold resistance 1, negative energy
resistance 3, slow regeneration 1, torment resistance, unbreathing
a: Minor Destruction, Lesser Servant of Makhleb, Major Destruction, Greater
Servant of Makhleb, Renounce Religion


You were in the Dungeon.
You worshipped Makhleb.
Makhleb was exalted by your worship.
You were not hungry.

You visited 1 branch

Inventory:

Hand Weapons
 a - a +2 hand axe
 k - the +∞ Axe of Woe (weapon)
   (You found it in the Dungeon)
Armour
 b - a +0 ring mail (worn)
 c - a +0 buckler
Jewellery
 j - a +200 ring of slaying (left claw)
 l - a +200 ring of slaying (right claw)
Potions
 e - a potion of curing
 f - a potion of heal wounds
 g - a potion of haste
 h - 2 potions of magic
 i - a potion of berserk rage
Comestibles
 d - a meat ration


   Skills:
 O Level 27 Fighting
 O Level 27 Axes
   Level 1.0(18.7) Maces & Flails
 O Level 27 Throwing
 O Level 27 Armour
 O Level 27 Dodging
 O Level 27 Stealth
 O Level 27 Shields
 O Level 27 Unarmed Combat
 O Level 27 Spellcasting
 O Level 27 Invocations


You had 80 spell levels left.
You didn't know any spells.

Dungeon Overview and Level Annotations

Branches:
Dungeon (1/1)

Altars:
Makhleb

Annotations:
D The Meatlord


Innate Abilities, Weirdness & Mutations

Your body is rotting away.
You thrive on raw meat.
You are immune to poison.
You have sharp fingernails.
You are carnivorous and can eat meat at any time.
Your flesh is cold resistant. (rC+)
You are immune to negative energy. (rN+++)
You regenerate slowly when monsters are visible.
You are immune to unholy pain and torment.
You can survive without breathing.


Message History

You feel terrible.
You carve the tyrant like a ham!!!!!
You cleave the tyrant in twain.
You destroy the tyrant!
Makhleb accepts your kill.
You feel better.
The tentacled monstrosity disappears in a puff of smoke!
The large abomination disappears in a puff of smoke!
You slash the tyrant!
You slaughter the tyrant joyfully.
You destroy the tyrant!
Makhleb accepts your kill.
You are engulfed in roaring flames.
The accursed is engulfed in roaring flames.
The accursed casts a spell at you. Something smites you!
You hear a shout! x2
The corpses meld into agglomerations of writhing flesh!
You hear a shout! x2
The fleshlord hits you with a +9 great mace!!!!!!
Ouch! That really hurt!
You die...

... ... #V. ...# .
#.. ...# . ..###..
.o.###L.
.%....###)L.L...
..&.%%)_MWo.....
....#%))§M#..... .
#_)<§§# ...
....#.%)§@#S....
o..%...)_Xpp.oo...
..%%...###oxWoC...
..###.. .W.###...
. #.. .p.# .. #..
....# .%. ....L
.....z.D...


You could see The Meatlord, 2 accurseds, 2 tyrants, an eight-headed meat hydra
(wandering), 3 fleshlords, a sculptor of flesh, a large bag of meat (inner
flame), a large abomination, 3 dreads, a small abomination and 6 bags of meat.

Vanquished Creatures
  6 hell knights (D)
  Sigmund (D)
  5 hell beasts (D)
  Edmund (D)
  5 greater mummies (D)
  2 great orbs of eyes (D)
  4 wraiths (D)
  21 vampire knights (D)
  32 ogres (D)
  10 liches (D)
  3 hydras (D)
  56 orcs (D)
  5 phantoms (D)
  6 hill giants (D)
  8 skeletal warriors (D)
  A sea snake (D)
  5 large abominations (D)
  8 small abominations (D)
  10 crawling corpses (D)
189 creatures vanquished.

Vanquished Creatures (others)
  3 crawling corpses (D)
3 creatures vanquished.

Grand Total: 192 creatures vanquished

Notes
Turn   | Place    | Note
-------+----------+-------------------------------------------
     0 | D        | protoss039 the Ghoul Wanderer began the quest for the Orb.
     0 | D        | protoss039 set off with: a +2 hand axe, a +0 ring mail, a +0 buckler, a meat ration, a potion of curing, a potion of heal wounds, a potion of haste, 2 potions of magic, a potion of berserk rage, a scroll of blinking
     0 | D        | Reached XP level 1. HP: 17/17 MP: 0/0
     2 | D        | Noticed a bag of meat
     3 | D        | Became a worshipper of Makhleb the Destroyer
     4 | D        | Noticed a bag of meat
     5 | D        | Noticed a bag of meat
     5 | D        | Noticed a meat berserker
     6 | D        | Noticed a meat berserker
     9 | D        | Noticed a bag of meat
    11 | D        | Killed a meat berserker
    11 | D        | Reached skill level 5 in Shields
    11 | D        | Reached XP level 2. HP: 47/47 MP: 1/1
    11 | D        | Reached XP level 3. HP: 53/53 MP: 2/2
    11 | D        | Reached XP level 4. HP: 61/61 MP: 3/3
    11 | D        | Reached XP level 5. HP: 68/68 MP: 4/4
    11 | D        | Reached XP level 6. HP: 75/75 MP: 5/5
    11 | D        | Reached XP level 7. HP: 82/82 MP: 6/6
    11 | D        | Reached XP level 8. HP: 90/90 MP: 7/7
    11 | D        | Reached XP level 9. HP: 96/96 MP: 8/8
    11 | D        | Reached XP level 10. HP: 104/104 MP: 9/9
    11 | D        | Reached XP level 11. HP: 111/111 MP: 10/10
    11 | D        | Reached XP level 12. HP: 118/118 MP: 11/11
    11 | D        | Reached XP level 13. HP: 125/125 MP: 12/12
    12 | D        | Killed a meat berserker
    12 | D        | Reached * piety under Makhleb
    12 | D        | Reached XP level 14. HP: 82/138 MP: 13/13
    12 | D        | Killed a bag of meat
    12 | D        | Reached skill level 27 in Axes
    12 | D        | Reached skill level 5 in Stealth
    12 | D        | Reached XP level 15. HP: 90/152 MP: 14/14
    13 | D        | Noticed a meat berserker
    14 | D        | Killed a meat berserker
    14 | D        | Reached ** piety under Makhleb
    14 | D        | Reached skill level 10 in Shields
    14 | D        | Reached XP level 16. HP: 162/174 MP: 15/15
    14 | D        | Reached skill level 10 in Stealth
    15 | D        | Reached XP level 17. HP: 190/190 MP: 16/16
    16 | D        | Noticed a large bag of meat
    19 | D        | Noticed a meat berserker
    20 | D        | Killed a large bag of meat
    20 | D        | Reached *** piety under Makhleb
    20 | D        | Reached skill level 27 in Fighting
    22 | D        | Killed a meat berserker
    22 | D        | Reached skill level 27 in Armour
    22 | D        | Reached skill level 15 in Shields
    23 | D        | Noticed a meat berserker
    23 | D        | Reached XP level 18. HP: 166/200 MP: 17/17
    24 | D        | Noticed a meat berserker
    24 | D        | Reached **** piety under Makhleb
    26 | D        | Noticed a destroyer
    27 | D        | Killed a meat berserker
    27 | D        | Reached XP level 19. HP: 207/207 MP: 18/18
    28 | D        | Killed a meat berserker
    30 | D        | Killed a destroyer
    30 | D        | Reached skill level 27 in Stealth
    30 | D        | Reached skill level 27 in Shields
    30 | D        | Reached XP level 20. HP: 216/216 MP: 19/19
    31 | D        | Reached ***** piety under Makhleb
    31 | D        | Reached skill level 5 in Spellcasting
    32 | D        | Noticed a destroyer
    32 | D        | Reached skill level 10 in Unarmed Combat
    32 | D        | Reached skill level 10 in Invocations
    33 | D        | Reached skill level 10 in Throwing
    33 | D        | Reached skill level 10 in Dodging
    34 | D        | Noticed a meat berserker
    35 | D        | Noticed a meat berserker
    35 | D        | Noticed a meat berserker
    35 | D        | Noticed a destroyer
    36 | D        | Noticed a large bag of meat
    36 | D        | Noticed a destroyer
    36 | D        | Noticed a meat berserker
    36 | D        | Killed a destroyer
    36 | D        | Reached XP level 21. HP: 224/224 MP: 19/37
    37 | D        | Noticed a destroyer
    39 | D        | Noticed a meat berserker
    39 | D        | Noticed a destroyer
    39 | D        | Killed a meat berserker
    39 | D        | Reached skill level 15 in Spellcasting
    40 | D        | Noticed a meat berserker
    40 | D        | Killed a meat berserker
    40 | D        | Reached XP level 22. HP: 233/233 MP: 20/41
    41 | D        | Noticed a destroyer
    41 | D        | Killed a destroyer
    41 | D        | Reached ****** piety under Makhleb
    42 | D        | Noticed a destroyer
    43 | D        | Killed a destroyer
    43 | D        | Reached XP level 23. HP: 239/239 MP: 21/47
    43 | D        | Reached skill level 27 in Unarmed Combat
    43 | D        | Reached skill level 27 in Invocations
    43 | D        | Killed a destroyer
    43 | D        | Reached XP level 24. HP: 248/248 MP: 21/50
    43 | D        | Noticed a destroyer
    44 | D        | Reached skill level 27 in Throwing
    44 | D        | Reached skill level 27 in Dodging
    44 | D        | Reached skill level 27 in Spellcasting
    47 | D        | Noticed a destroyer
    47 | D        | Reached XP level 25. HP: 256/256 MP: 22/53
    48 | D        | Noticed a destroyer
    48 | D        | Killed a destroyer
    48 | D        | Killed a destroyer
    50 | D        | Reached XP level 26. HP: 265/265 MP: 22/53
    50 | D        | Killed a destroyer
    51 | D        | Killed a destroyer
    51 | D        | Killed a destroyer
    51 | D        | Reached XP level 27. HP: 272/272 MP: 23/53
    53 | D        | Killed a destroyer
    55 | D        | Noticed a destroyer
    59 | D        | Noticed a destroyer
    61 | D        | Noticed a tyrant
    64 | D        | Killed a destroyer
    67 | D        | Killed a tyrant
    71 | D        | Noticed a destroyer
    73 | D        | Noticed a destroyer
    74 | D        | Killed a destroyer
    75 | D        | Noticed a tyrant
    77 | D        | Killed a destroyer
    78 | D        | Killed a destroyer
    79 | D        | Killed a tyrant
    86 | D        | Noticed an accursed
    87 | D        | Noticed an accursed
    88 | D        | Noticed a tyrant
    89 | D        | Noticed a meat beast
    89 | D        | Killed a tyrant
    91 | D        | Noticed a tyrant
    91 | D        | Noticed a destroyer
    91 | D        | Noticed a tyrant
    91 | D        | Noticed a dread
    91 | D        | Killed a meat beast
    91 | D        | Killed an accursed
    94 | D        | Noticed a destroyer
    95 | D        | Noticed an accursed
    95 | D        | Noticed a destroyer
    97 | D        | Killed a destroyer
    98 | D        | Killed a destroyer
    99 | D        | Killed an accursed
    99 | D        | Killed an accursed
    99 | D        | Noticed a destroyer
   100 | D        | Noticed a meat beast
   101 | D        | Killed a tyrant
   103 | D        | Noticed a destroyer
   104 | D        | Noticed The Defiler
   105 | D        | Noticed a tyrant
   106 | D        | Killed a meat beast
   108 | D        | Noticed a dread
   108 | D        | Killed a destroyer
   109 | D        | Killed a destroyer
   110 | D        | Killed The Defiler
   115 | D        | Noticed a dread
   118 | D        | Noticed a meat beast
   119 | D        | Killed a meat beast
   120 | D        | Noticed a tyrant
   121 | D        | Noticed The Captor
   121 | D        | Killed a dread
   121 | D        | Killed a tyrant
   122 | D        | Killed a dread
   123 | D        | Killed a dread
   124 | D        | Noticed a fleshlord
   125 | D        | Noticed an accursed
   128 | D        | Killed a tyrant
   128 | D        | Noticed a fleshlord
   129 | D        | Noticed a fleshlord
   129 | D        | Killed a fleshlord
   129 | D        | Killed The Captor
   131 | D        | Noticed a destroyer
   132 | D        | Killed a destroyer
   133 | D        | Noticed a fleshlord
   134 | D        | Killed a fleshlord
   134 | D        | Noticed a meat beast
   137 | D        | Noticed a meat beast
   137 | D        | Noticed a tyrant
   139 | D        | Noticed an accursed
   139 | D        | Noticed a dread
   139 | D        | Killed a fleshlord
   139 | D        | Killed a meat beast
   139 | D        | Killed a fleshlord
   140 | D        | Noticed a fleshlord
   140 | D        | Killed a meat beast
   141 | D        | Noticed an accursed
   141 | D        | Killed an accursed
   141 | D        | Killed a destroyer
   142 | D        | Noticed a fleshlord
   142 | D        | Noticed a fleshlord
   143 | D        | Noticed a tyrant
   143 | D        | Noticed an accursed
   143 | D        | Noticed a tyrant
   143 | D        | Noticed a fleshlord
   143 | D        | Noticed a dread
   144 | D        | Killed a dread
   144 | D        | Killed a tyrant
   145 | D        | Noticed a tyrant
   145 | D        | Noticed a dread
   146 | D        | Noticed a fleshlord
   146 | D        | Noticed a dread
   146 | D        | Killed a fleshlord
   147 | D        | Noticed The Meatlord
   148 | D        | Killed a fleshlord
   148 | D        | Killed a tyrant
   149 | D        | Killed an accursed
   149 | D        | Killed a tyrant
   149 | D        | Killed a tyrant
   149 | D        | Annihilated by a fleshlord

Skill      XL: |  1  2  3  4  5  6  7  8  9 10 11 12 13 14 15 16 17 18 19 20 21 22 23 24 |
---------------+-------------------------------------------------------------------------+-----
Fighting       | 14 16 19 24 26 27 | 27.0
Axes           | 23 26 27 | 27.0
Armour         | 12 14 16 20 22 27 | 27.0
Stealth        | 4 5 9 11 17 23 27 | 27.0
Shields        | 5 6 7 10 11 17 23 27 | 27.0
Throwing       | 14 17 22 26 27 | 27.0
Dodging        | 14 17 22 26 27 | 27.0
Unarmed Combat | 16 20 26 27 | 27.0
Spellcasting   | 13 16 21 24 27 | 27.0
Invocations    | 16 20 26 27 | 27.0
Maces & Flails | |  1.0

Action                   |  1- 3 |  4- 6 |  7- 9 | 10-12 | 13-15 | 16-18 | 19-21 | 22-24 | 25-27 || total
-------------------------+-------+-------+-------+-------+-------+-------+-------+-------+-------++-------
Melee: Executioner's axe |     1 |       |       |       |     2 |     6 |     8 |     7 |    79 ||   103
Invok: Greater Servant o |       |       |       |       |       |       |       |       |     7 ||     7
       Major Destruction |       |       |       |       |       |       |       |       |     1 ||     1
  Use: Scroll            |     1 |       |       |       |       |       |       |       |       ||     1
Armor: Ring mail         |       |       |       |       |       |       |       |       |     2 ||     2
Dodge: Dodged            |       |       |       |       |       |       |       |       |     4 ||     4
